 Dungeon Crawl Stone Soup version 0.20-a0-504-g2c65edc (webtiles) character file.

8005 nqkweflqenfkl the Fighter (level 11, -3/89 HPs)
             Began as a Barachian Fighter on Jan 21, 2017.
             Was an Elder of Cheibriados.
             Killed from afar by Josephine (10 damage)
             ... with a ghostly fireball
             ... on level 10 of the Dungeon.
             The game lasted 00:33:09 (13002 turns).

nqkweflqenfkl the Fighter (Barachian Fighter)      Turns: 13002, Time: 00:33:10

Health: -3/89      AC: 18    Str: 32    XL:     11   Next: 24%
Magic:  11/11      EV: 10    Int: 15    God:    Cheibriados [****..]
Gold:   613        SH: 12    Dex: 19    Spells: 10/10 levels left

rFire    + . .     SeeInvis .   H - +3 scimitar (freeze)
rCold    + . .     Gourm    .   y - +0 plate armour
rNeg     . . .     Faith    .   c - +0 shield
rPois    +         Spirit   .   g - +1 helmet
rElec    +         Reflect  .   (no cloak)
rCorr    +         Harm     .   s - +1 pair of gloves
MR       .....                  v - +0 pair of boots
Stlth    ..........             u - amulet of magic regeneration
Regen    0.3/turn               k - ring of resist corrosion
                                h - +4 ring of strength

@: resistant, can't hop, slowed, heavily drained, very slow
A: swims, slowness 1, strong legs 1
a: Hop, Bend Time, Temporal Distortion, Slouch, Renounce Religion


You were on level 10 of the Dungeon.
You worshipped Cheibriados.
Cheibriados was greatly pleased with you.
You were hungry.

You visited 2 branches of the dungeon, and saw 11 of its levels.
You also visited: Ossuary.

You collected 613 gold pieces.

Inventory:

Hand Weapons
 a - a +0 long sword
 d - a +2 hand axe of flaming
 o - a +5 scimitar
 H - a +3 scimitar of freezing (weapon)
 I - a +0 short sword of flaming
Armour
 c - a +0 shield (worn)
 g - a +1 helmet (worn)
 s - a +1 pair of gloves (worn)
 v - a +0 pair of boots (worn)
 y - a +0 plate armour (worn)
 G - the +0 cloak "Yxaestam" {-Tele rElec rC- SInv}
   (You found it on level 6 of the Dungeon)

   It makes you vulnerable to cold.
   It insulates you from electricity.
   It lets you see invisible.
   It prevents most forms of teleportation.
Jewellery
 e - an uncursed ring of positive energy
 h - a +4 ring of strength (left hand)
 k - a ring of resist corrosion (right hand)
 u - an amulet of magic regeneration (around neck)
 D - a +4 ring of intelligence
 L - an uncursed ring of positive energy
Wands
 i - a wand of flame (0/48)
 r - a wand of acid (9/15)
 x - a wand of digging (15/24)
 M - a wand of iceblast (6/15)
 N - a wand of polymorph (7/24)
Scrolls
 m - 2 scrolls of recharging
 q - a scroll of immolation
 A - 4 scrolls of amnesia
 P - a scroll of identify
 Q - a scroll of remove curse
 R - a scroll of fear
Potions
 j - 3 potions of flight
 l - 2 potions of brilliance
 n - 2 potions of curing
 t - 5 potions of mutation
 w - 3 potions of lignification
 z - 3 potions of might
Books
 K - a book of Battle

   Spells                             Type                      Level
   a - Infusion                       Charms                       1
   b - Shroud of Golubria             Charms/Translocation         2
   c - Song of Slaying                Charms                       2
   d - Spectral Weapon                Hexes/Charms                 3
   e - Regeneration                   Charms/Necromancy            3
Comestibles
 f - 4 bread rations
 p - 5 meat rations
 F - 2 fruits
 J - 10 royal jellies
 O - 15 chunks of flesh


   Skills:
 + Level 9.0(6.6) Fighting
 + Level 8.6(6.2) Long Blades
 + Level 8.9(6.6) Armour
 + Level 7.8(5.5) Dodging
 + Level 8.2(5.8) Shields
 + Level 1.3(0.0) Invocations


You had 10 spell levels left.
You didn't know any spells.

Dungeon Overview and Level Annotations

Branches:
Dungeon (10/15)            Temple (1/1) D:6            Lair (0/6) D:9
    Orc (0/2) D:9

Altars:
Ashenzari
Cheibriados
Dithmenos
Elyvilon
Fedhas
Gozag
Hepliaklqana
Kikubaaqudgha
Makhleb
Nemelex Xobeh
Okawaru
Qazlal
Ru
Sif Muna
Trog
Uskayaw
Vehumet
Xom
Yredelemnul
Zin
The Shining One

Annotations:
D:10 Josephine


Innate Abilities, Weirdness & Mutations

You can swim through water.
You cover ground slowly.
You can hop short distances.


Message History

You miss Josephine.
Josephine is almost dead.
Josephine points at you and mumbles some strange words.
The ghostly flame explodes!
The ghostly fireball engulfs you!
You feel drained.
The ghostly fireball engulfs the wraith.
The wraith completely resists.
The ghostly fireball engulfs Josephine.
Josephine completely resists.
The wraith hits you!
* * * LOW HITPOINT WARNING * * *
The wraith drains your vigour!
You feel yourself slow down.
You feel protected. You block Josephine's attack.
The wraith hits you but does no damage.
Josephine is infused with unholy energy.
* * * LOW HITPOINT WARNING * * *
Josephine draws life force from you and is healed!
Hop to where?
Press: ? - help, Dir - move target cursor Boing!
Josephine gestures at you while chanting.
The ghostly flame explodes!
The ghostly fireball engulfs you!
You feel drained.
You die...

#....###.............##
##....#...............##
##.[....).........#...#
# ##.......)......#....#
.# ##...............####
..# #..............###
...####..(........)## #
....#####(.......### .#
#....#..).......@# ...
#=....########..## .W..
##..### ##..# .W...
#..## ##@##...... ##.##
#WW....... #.##
##.#...<.. ..# #.. ....(
.## ##.# %... ## .. ...


You could see Josephine and 2 wraiths.

Vanquished Creatures
  2 two-headed ogres
  A centaur skeleton (D:9)
  A troll (D:9)
  4 hippogriffs
  2 wyverns
  Grum (D:8)
  Menkaure (D:4)
  Edmund (D:4)
  A water moccasin (D:7)
  4 porcupines (D:9)
  2 orc warriors
  2 sky beasts
  2 black bears
  A hornet zombie (D:9)
  The ghost of Mulkerokala the Charlatan, an amateur NaAr of Dithmenos (D:3)
  3 ice beasts
  2 wolves (D:8)
  2 centaurs
  5 ogres
  2 big kobolds (D:8)
  6 bullfrogs
  An elf zombie (Ossuary)
  4 scorpions
  5 wights (D:8)
  3 howler monkeys
  6 crimson imps
  A centaur zombie (D:5)
  2 bullfrog zombies (D:9)
  7 jellies
  4 hounds
  A bullfrog skeleton (D:6)
  An orc priest (D:9)
  A human zombie (Ossuary)
  6 orc wizards
  4 iguanas
  3 worker ants
  Terence (D:2)
  3 mummies (Ossuary)
  A howler monkey zombie (D:5)
  17 adders
  A shadow imp (D:8)
  3 adder zombies
  6 oozes
  2 adder skeletons
  2 worms (D:2)
  6 dart slugs
  5 leopard geckos
  28 orcs
  A ball python (D:4)
  10 bats
  4 giant cockroaches
  A gnoll zombie (Ossuary)
  9 goblins
  8 hobgoblins
  15 jackals
  9 quokkas
  4 frilled lizards
  5 goblin zombies (Ossuary)
  2 hobgoblin zombies (Ossuary)
  23 kobolds
  A kobold zombie (Ossuary)
  A leopard gecko skeleton (D:5)
  An orc zombie (Ossuary)
  3 quokka zombies (Ossuary)
  11 rats
  A rat zombie (Ossuary)
279 creatures vanquished.

Vanquished Creatures (others)
  A fungus (D:9)
1 creature vanquished.

Grand Total: 280 creatures vanquished

Notes
Turn   | Place    | Note
-------+----------+-------------------------------------------
     0 | D:1      | nqkweflqenfkl the Barachian Fighter began the quest for the Orb.
     0 | D:1      | Reached XP level 1. HP: 18/18 MP: 1/1
    80 | D:1      | Reached XP level 2. HP: 22/24 MP: 2/2
   572 | D:1      | Reached skill level 1 in Dodging
   753 | D:1      | Reached XP level 3. HP: 29/29 MP: 3/3
  1193 | D:2      | Reached XP level 4. HP: 35/35 MP: 4/4
  1708 | D:2      | Noticed Terence
  1716 | D:2      | Killed Terence
  1822 | D:2      | Found a shattered altar of Ashenzari.
  1825 | D:2      | Found a deep blue altar of Sif Muna.
  1825 | D:2      | Found a white marble altar of Elyvilon.
  1849 | D:2      | Found a shimmering altar of Xom.
  1850 | D:2      | Found a glowing golden altar of the Shining One.
  1907 | D:2      | Reached XP level 5. HP: 42/42 MP: 5/5
  2381 | D:3      | Reached skill level 4 in Fighting
  2700 | D:3      | Noticed Mulkerokala's ghost (amateur NaAr)
  2724 | D:3      | Killed Mulkerokala's ghost
  2724 | D:3      | Reached XP level 6. HP: 16/49 MP: 6/6
  4119 | D:4      | Noticed Menkaure
  4124 | D:4      | Killed Menkaure
  4124 | D:4      | Reached XP level 7. HP: 20/55 MP: 7/7
  4335 | D:4      | Noticed Edmund
  4678 | D:4      | Killed Edmund
  4678 | D:4      | Reached skill level 5 in Fighting
  4678 | D:4      | Reached skill level 5 in Armour
  5682 | D:4      | Reached skill level 5 in Shields
  5682 | D:4      | Reached XP level 8. HP: 54/62 MP: 8/8
  5858 | D:5      | Entered Level 5 of the Dungeon
  6079 | D:5      | Found a sand-covered staircase.
  6094 | Ossuary  | Entered an ossuary
  6160 | Ossuary  | Reached skill level 5 in Long Blades
  7572 | D:5      | Reached skill level 5 in Dodging
  7656 | D:5      | Reached skill level 6 in Fighting
  7970 | D:6      | Reached XP level 9. HP: 60/69 MP: 9/9
  8024 | D:6      | Found a staircase to the Ecumenical Temple.
  8042 | Temple   | Entered the Ecumenical Temple
  8272 | D:6      | Found a snail-covered altar of Cheibriados.
  8282 | D:6      | Became a worshipper of Cheibriados the Contemplative
  8295 | D:6      | Got a crude cloak
  8301 | D:6      | Identified the cursed +0 cloak "Yxaestam" {-Tele rElec rC- SInv} (You found it on level 6 of the Dungeon)
  9910 | D:8      | Reached * piety under Cheibriados
 10259 | D:8      | Reached skill level 7 in Fighting
 10331 | D:8      | Noticed Grum
 10365 | D:8      | Killed Grum
 10377 | D:8      | Reached XP level 10. HP: 56/79 MP: 10/10
 10613 | D:8      | Reached ** piety under Cheibriados
 11051 | D:8      | Noticed a two-headed ogre
 11058 | D:8      | Killed a two-headed ogre
 11172 | D:8      | Found a stormy altar of Qazlal.
 11412 | D:8      | Reached skill level 8 in Fighting
 11638 | D:9      | Reached *** piety under Cheibriados
 11678 | D:9      | Noticed a two-headed ogre
 11686 | D:9      | Killed a two-headed ogre
 11834 | D:9      | Found a staircase to the Orcish Mines.
 11957 | D:9      | Reached XP level 11. HP: 86/87 MP: 11/11
 11981 | D:9      | Found a staircase to the Lair.
 12735 | D:9      | Reached **** piety under Cheibriados
 12746 | D:10     | Entered Level 10 of the Dungeon
 12864 | D:10     | Reached skill level 1 in Invocations
 12871 | D:10     | Reached skill level 9 in Fighting
 12983 | D:10     | Noticed Josephine
 13002 | D:10     | Killed from afar by Josephine

Vault maps used:
D:1:      doesnt_arrival_eight_statues
D:2:      minmay_overflow_temple_star_hex, uniq_terence
D:3:      wad_river_or_something
D:4:      first_bread, kennysheep_generic_room_9, uniq_edmund, uniq_menkaure
D:5:      nicolae_ossuary_entry_monument
D:6:      overflow_temple_1_default
D:8:      overflow_temple_1_default, hangedman_little_slice_of_home, uniq_grum
D:9:      grunt_lair_entry_orc_guard_hut, orc_0_dummy
D:10:     uniq_josephine
Temple:   eino_temple_lava
Ossuary:  ossuary_minmay_chase

Skill      XL: |  1  2  3  4  5  6  7  8  9 10 11 |
---------------+----------------------------------+-----
Dodging        | 1 2 3 4 5 6 7 |  7.8
Armour         | 4 5 6 7 8 |  8.9
Fighting       | 4 5 6 7 8 9 |  9.0
Long Blades    | 3 4 5 6 8 |  8.6
Shields        | 4 5 6 7 8 |  8.2
Invocations    | 1 |  1.3

Action                   |  1- 3 |  4- 6 |  7- 9 | 10-12 || total
-------------------------+-------+-------+-------+-------++-------
Melee: Long sword        |    97 |   272 |   741 |    56 ||  1166
       Scimitar          |       |       |       |   222 ||   222
 Abil: Hop               |     1 |       |     2 |     1 ||     4
Evoke: Wand              |       |       |     4 |       ||     4
  Use: Potion            |       |     2 |     9 |     3 ||    14
       Scroll            |       |     9 |    13 |       ||    22
  Eat: Chunk             |     1 |    11 |     8 |     5 ||    25
       Fruit             |       |       |     5 |       ||     5
       Royal jelly       |       |       |     1 |       ||     1
       Bread ration      |       |       |     2 |       ||     2
Armor: Scale mail        |    40 |   109 |       |       ||   149
       Chain mail        |       |     5 |   510 |    84 ||   599
       Plate armour      |       |       |       |    12 ||    12
Dodge: Dodged            |    34 |    91 |   240 |   107 ||   472
Block: Shield            |    44 |   133 |   438 |   158 ||   773
       Rpst.: Long sword |    12 |    39 |    78 |    10 ||   139
       Scimitar          |       |       |       |    20 ||    20
